 Dungeon Crawl Stone Soup version 0.31-a0-986-g5e6e4ef867 (webtiles) character file.

Game seed: 856797922468373959

161 testman the Ruffian (level 5, -2/39 HPs)
             Began as a Demonspawn Shapeshifter on Nov 3, 2023.
             Was a Follower of Uskayaw.
             Slain by an ogre
             ... wielding a +0 giant club
              (15 damage)
             ... on level 4 of the Dungeon.
             The game lasted 00:06:53 (2704 turns).

testman the Ruffian (Demonspawn Shapeshifter)       Turns: 2704, Time: 00:06:54

Health: -2/39      AC:  5    Str: 16    XL:     5   Next: 18%
Magic:  15/15      EV: 11    Int: 12    God:    Uskayaw [*.....]
Gold:   150        SH:  0    Dex: 12    Spells: 4/4 levels left

rFire   . .          .
                       - Unarmed
rCold   . . .        (no shield)
rNeg    . . .        h - +0 leather armour
rPois   .            (helmet currently unavailable)
rElec   .            (cloak currently unavailable)
rCorr   .            (gloves currently unavailable)
SInv    .            (boots currently unavailable)
Will    .....        j - amulet of regeneration
Stlth   +            m - ring of magical power
HPRegen 1.06/turn    (no ring)
MPRegen 0.14/turn

%: no passive effects
@: beast-form
A: beast (slay +1), claws 2, slimy green scales 1
a: Begin Untransformation, Renounce Religion, Stomp


You were on level 4 of the Dungeon.
You worshipped Uskayaw.
Uskayaw was noncommittal.
You were a hulking beast.
You visited 1 branch of the dungeon, and saw 4 of its levels.

You collected 150 gold pieces.

Inventory:

Hand Weapons
 v - a +0 sling
Armour
 a - a +0 animal skin
 h - a +0 leather armour (worn)
 u - a +0 cloak
Jewellery
 j - an amulet of regeneration (around neck)
 m - a ring of magical power (left claw)
Talismans
 c - a beast talisman
 e - a flux talisman
Scrolls
 f - 2 scrolls of blinking {unknown}
 g - a scroll of enchant weapon {unknown}
 i - a scroll of identify {unknown}
 n - a scroll of silence {unknown}
 o - a scroll of enchant armour {unknown}
 p - 2 scrolls of revelation {unknown}
 r - a scroll of poison {unknown}
 t - 3 scrolls of vulnerability {unknown}
Potions
 b - 2 potions of lignification
 d - a potion of attraction {unknown}
 l - a potion of invisibility {unknown}
 q - 4 potions of curing {unknown}
 s - a potion of berserk rage {unknown}
 w - a potion of ambrosia {unknown}


   Skills:
 + Level 2.7 Fighting
 - Level 1.7 Dodging
 + Level 3.6 Unarmed Combat
 + Level 2.6 Invocations
 + Level 3.4 Shapeshifting


You had 4 spell levels left.
You didn't know any spells.
Your spell library contained the following spells:

 Spells                   Type           Power      Damage    Failure   Level
 Summon Small Mammal      Summ           0%         N/A       38%         1
 Cigotuvi's Dreadful Rot  Necr/Pois/Air  0%         N/A       52%         2
 Call Canine Familiar     Summ           0%         N/A       77%         3
 Ignite Poison            Fire/Tmut/Pois 0%         N/A       77%         3
 Summon Guardian Golem    Hex/Summ       0%         N/A       77%         3
 Freezing Cloud           Conj/Ice/Air   0%         6-21      100%        5


Dungeon Overview and Level Annotations

Branches:
Dungeon (4/15)
 Temple: D:4-7

Altars:
Cheibriados
Qazlal
Ru
Uskayaw

Annotations:
D:3 3 runed translucent doors, Naiya55's ghost, amateur NaIE


Innate Abilities, Weirdness & Mutations

You are a hulking beast.
Your limbs bulge with bestial killing power. (Slay +1)
You have very sharp fingernails.
You are partially covered in slimy green scales. (AC +2)


Message History

No target in view!
No target in view!
You now have 150 gold pieces (gained 9).
The kobold shouts! x6; You hear a shout! x2
Naiya55's ghost turns its malevolent gaze towards you.
Naiya55's ghost says, "I hope the next monster to meet you likes frozen food!"
The kobold brigand hits the plant with a +1 whip of venom!
The plant begins to die.
The kobold hits the plant with a +0 whip.
Naiya55's ghost says, "I was like you once."
The kobold hits the plant with a +0 whip.
Okay, then.
Could not explore, unopened runed door.
A nearby plant withers and dies.
There is a stone staircase leading down here.
You climb downwards.
There is a stone staircase leading up here.
Found a stone staircase leading down.
Found a stone staircase leading down.
An ogre comes into view. It is wielding a +0 giant club.
Throw: 2 javelins
Press: ? - help, Shift-Dir - straight line, f - ogre
Aim: an ogre, wielding a +0 giant club (73% to hit)
You throw a javelin. The javelin barely misses the ogre.
Throw: javelin
Press: ? - help, Shift-Dir - straight line, f/p - ogre
Aim: an ogre, wielding a +0 giant club (73% to hit)
You throw a javelin. The javelin barely misses the ogre.
Okay, then.
You claw the ogre!
The ogre is moderately wounded.
You scratch the ogre.
The ogre is moderately wounded.
The ogre hits you with a +0 giant club!!
Ouch! That really hurt!
Okay, then.
You claw the ogre!
The ogre is severely wounded.
The ogre hits you with a +0 giant club!
You die...

#(# #.# #.#
#.# #.#
#.#########
#O#.......#
#h#.####.##
#...# #.#
##### #.# #.#
#.#
##########.##
###
#...........#
.>.
#.###########
#.# #.#


You could see an ogre.

Vanquished Creatures
  3 orc priests (D:3)
  3 worms (D:2)
  3 dart slugs
  An orc (D:3)
  4 endoplasms
  2 giant cockroaches (D:1)
  5 goblins
  6 hobgoblins
  4 jackals (D:1)
  2 kobolds (D:1)
  2 quokkas (D:1)
  5 ball pythons
  6 bats
  5 frilled lizards
  6 rats
57 creatures vanquished.

Notes
Turn   | Place    | Note
-------+----------+-------------------------------------------
     0 | D:1      | testman the Demonspawn Shapeshifter began the quest for the
                  | Orb.
     0 | D:1      | Reached XP level 1. HP: 15/15 MP: 1/1
   161 | D:1      | Gained mutation: You have sharp fingernails. [demonic
                  | ancestry]
   161 | D:1      | Reached XP level 2. HP: 21/21 MP: 2/2
   242 | D:1      | Found a faded altar of an unknown god.
   256 | D:1      | Prayed at the altar of an unknown god.
   256 | D:1      | Became a worshipper of Uskayaw the Reveller
   256 | D:1      | Reached * piety under Uskayaw
   265 | D:1      | Reached ** piety under Uskayaw
   661 | D:1      | Gained mutation: You have very sharp fingernails. [demonic
                  | ancestry]
   661 | D:1      | Reached XP level 3. HP: 24/27 MP: 3/3
  1120 | D:2      | Reached skill level 1 in Invocations
  2079 | D:3      | Reached XP level 4. HP: 33/33 MP: 5/5
  2138 | D:3      | Found a sacrificial altar of Ru.
  2148 | D:3      | Gained mutation: You are partially covered in slimy green
                  | scales. (AC +2) [demonic ancestry]
  2148 | D:3      | Reached XP level 5. HP: 10/39 MP: 5/6
  2337 | D:3      | Found a stormy altar of Qazlal.
  2439 | D:3      | Found a runed translucent gate.
  2440 | D:3      | Found a runed translucent gate.
  2443 | D:3      | Found a runed translucent gate.
  2446 | D:3      | Noticed Naiya55's ghost (amateur NaIE)
  2525 | D:3      | Found a snail-covered altar of Cheibriados.
  2698 | D:4      | Noticed an ogre
  2704 | D:4      | Slain by an ogre

Illustrated notes

Levels and vault maps discovered:
D:1:      dpeg_arrival_brainrot, layout_basic, ebering_ecumenical_altar_box
D:2:      layout_basic
D:3:      layout_rooms, nicolae_qazlal_general_emergency,
          mainiacjoe_overflow_brackets, nicolae_overflow_crystal_walls,
          gammafunk_ghost_nasty_kobolds, minmay_misc_feat_rows,
          nicolae_elevator_lobby_asterisk
D:4:      layout_basic, grunt_temple_overflow_order_and_chaos_2,
          lemuel_mausoleum_altar_kikubaaqudgha

Skill      XL: |  1  2  3  4 |
---------------+-------------+-----
Unarmed Combat | 3 |  3.6
Shapeshifting  | 3 |  3.4
Invocations    | 1 2 |  2.6
Fighting       | 2 |  2.7
Dodging        | |  1.7

Action                     |  1- 3 |  4- 6 || total
---------------------------+-------+-------++-------
  Melee: Unarmed           |   122 |    20 ||   142
         Punch             |     7 |     1 ||     8
  Throw: Javelin           |       |     2 ||     2
 Invoke: Stomp             |     1 |     3 ||     4
 Armour: Animal skin       |    16 |       ||    16
         Leather armour    |    47 |    13 ||    60
  Dodge: Dodged            |    54 |     9 ||    63

Table legend: (Time is in decaauts)
 A = Elapsed time spent in this place.
 B = Non-inter-level travel time spent in this place.
 C = Inter-level travel time spent in this place.
 D = Time resting spent in this place.
 E = Time spent auto-exploring this place.
 F = Levels seen in this place.
 G = Mean time per level.
                   A        B        C        D        E       F      G
               +--------+--------+--------+--------+--------+-----+--------+
         Total |   2696 |   2606 |     90 |     67 |   2044 |   4 |  674.0 |
       Dungeon |   2696 |   2606 |     90 |     67 |   2044 |   4 |  674.0 |
               +--------+--------+--------+--------+--------+-----+--------+

Top non-repeatable levels by time:
     D:1: 1077 daAuts
     D:2: 895 daAuts
     D:3: 653 daAuts
     D:4: 69 daAuts
